 Dungeon Crawl Stone Soup version 0.21-a0-314-gb3271ec (webtiles) character file.

122 Hasart the Skirmisher (level 4, -2/37 HPs)
             Began as a Mummy Fighter on Sept 29, 2017.
             Killed from afar by an orc wizard (18 damage)
             ... with a puff of flame
             ... on level 3 of the Dungeon.
             The game lasted 00:03:09 (1553 turns).

Hasart the Skirmisher (Mummy Fighter)               Turns: 1553, Time: 00:03:09

Health: -2/37      AC:  6    Str: 20    XL:     4   Next: 78%
Magic:  4/4        EV:  7    Int:  7    God:
Gold:   87         SH:  8    Dex: 11    Spells: 3/3 levels left

rFire    x . .     SeeInvis .   a - +0 long sword
rCold    + . .     Gourm    .   c - +0 shield
rNeg     + + +     Faith    .   b - +0 scale mail
rPois    ∞         Spirit   .   (no helmet)
rElec    .         Reflect  .   (no cloak)
rCorr    .         Harm     .   (no gloves)
MR       .....                  (no boots)
Stlth    ..........             (no amulet)
HPRegen  0.12/turn              (no ring)
MPRegen  0.09/turn              (no ring)

@: no status effects
A: no food or potions, fire vulnerability, cold resistance 1, negative energy
resistance 3, torment resistance, unbreathing
a: no special abilities


You were on level 3 of the Dungeon.
You were not hungry.

You visited 1 branch of the dungeon, and saw 3 of its levels.

You collected 87 gold pieces.

Inventory:

Hand Weapons
 a - a +0 long sword (weapon)
Armour
 b - a +0 scale mail (worn)
 c - a +0 shield (worn)
Jewellery
 f - an uncursed amulet of magic regeneration {unknown}
Scrolls
 d - a scroll of teleportation {unknown}
 e - 4 scrolls of recharging {unknown}
 g - 2 scrolls of amnesia {unknown}
 h - a scroll of identify {unknown}
 i - 3 scrolls of remove curse {unknown}


   Skills:
 + Level 4.0 Fighting
 * Level 3.4 Long Blades
 - Level 2.4 Armour
 - Level 2.4 Shields


You had 3 spell levels left.
You didn't know any spells.

Dungeon Overview and Level Annotations

Branches:
Dungeon (3/15)

Altars:

Annotations:
D:2 Sigmund


Innate Abilities, Weirdness & Mutations

You do not eat or drink.
Your flesh is vulnerable to fire.
You are immune to poison.
Your flesh is cold resistant. (rC+)
You are immune to negative energy. (rN+++)
You are immune to unholy pain and torment.
You can survive without breathing.


Message History

Something hits you.
Your scale mail prevents you from hitting something.
Something hits you but does no damage.
You barely miss something. Something hits you but does no damage.
You miss something. Something hits you but does no damage.
You block something's attack.
You completely miss something. Something hits you but does no damage.
You barely miss something.
An orc wizard appears from thin air!
Reactivating autopickup.
The orc wizard barely misses you.
You closely miss the orc wizard. The orc wizard hits you with a dagger.
You block the orc wizard's attack.
You slash the orc wizard!
The orc wizard is severely wounded.
The orc wizard hits you with a dagger.
You hit the orc wizard.
The orc wizard is almost dead.
The orc wizard casts a spell at you. The puff of flame hits you!
The fire burns you terribly!
You die...

........###!.###........#......
..%..........................†.
########.##...........####..##.
...........................##.
........###...#....<.#.##...#.
........# #.....#.#.##........
........####..###...##........
..............# #(#.##..###...
........#####@# #)#.....# #...
........#####o# #(####<.# ##..
.....!..o†.o## #....#..####..
......o##.# ####.#........
....... #... #.#..####..
......o .....# ##....####..
....... ...#.###...........
.?.....#........†##.##.....
.......'...#.###........#..


You could see an orc wizard and an orc.

Vanquished Creatures
  Jessica (D:2)
  An adder (D:3)
  2 oozes
  2 worms
  2 leopard geckos
  8 orcs (D:3)
  8 bats
  4 giant cockroaches
  7 goblins
  6 hobgoblins
  4 jackals (D:1)
  8 kobolds
  A ball python (D:1)
  3 frilled lizards
  4 rats
61 creatures vanquished.

Notes
Turn   | Place    | Note
-------+----------+-------------------------------------------
     0 | D:1      | Hasart the Mummy Fighter began the quest for the Orb.
     0 | D:1      | Reached XP level 1. HP: 18/18 MP: 1/1
    97 | D:1      | Reached XP level 2. HP: 18/24 MP: 2/2
   678 | D:1      | Reached XP level 3. HP: 29/29 MP: 3/3
  1103 | D:2      | Noticed Jessica
  1109 | D:2      | Killed Jessica
  1109 | D:2      | Reached XP level 4. HP: 37/37 MP: 4/4
  1144 | D:2      | Noticed Sigmund
  1392 | D:3      | Reached skill level 4 in Fighting
  1553 | D:3      | Killed from afar by an orc wizard

Vault maps used:
D:1:      lemuel_arrival_cross
D:2:      uniq_jessica, uniq_sigmund

Skill      XL: |  1  2  3  4 |
---------------+-------------+-----
Long Blades    | 2 3 |  3.4
Fighting       | 4 |  4.0
Armour         | |  2.4
Shields        | |  2.4

Action                   |  1- 3 |  4- 6 || total
-------------------------+-------+-------++-------
Melee: Long sword        |   126 |    93 ||   219
Armor: Scale mail        |    67 |    51 ||   118
Dodge: Dodged            |    52 |    39 ||    91
Block: Shield            |    73 |    47 ||   120
       Rpst.: Long sword |    19 |    13 ||    32

Table legend:
 A = Spawn XP
 B = Non-spawn XP
 C = Spawn XP percentage of total XP
 D = Spawn monster count
 E = Non-spawn monster count
 F = Spawn count percentage of total count
 G = Total turns spent on level
                    A         B        C        D         E        F      G
               +---------+---------+-------+---------+---------+-------+---------
         Total |       0 |     175 |   0.0 |       0 |      61 |   0.0 |  1553
               +---------+---------+-------+---------+---------+-------+---------
           D:1 |       0 |      57 |   0.0 |       0 |      33 |   0.0 |   921
           D:2 |       0 |      58 |   0.0 |       0 |      12 |   0.0 |   280
           D:3 |       0 |      60 |   0.0 |       0 |      16 |   0.0 |   352
               +---------+---------+-------+---------+---------+-------+---------
